 Dungeon Crawl Stone Soup version 0.24.0-1-gfbc8707 (webtiles) character file.

Game seed: 8484040695858528563, levelgen mode: deterministic

21 Meshia the Insei (level 2, 0/28 HPs)
             Began as a Naga Monk on Oct 31, 2019.
             Slain by a kobold
             ... wielding a +0 short sword
              (2 damage)
             ... on level 2 of the Dungeon.
             The game lasted 00:04:19 (666 turns).

Meshia the Insei (Naga Monk)                         Turns: 666, Time: 00:04:20

Health: 0/28       AC:  3    Str: 13    XL:     2   Next: 87%
Magic:  2/2        EV:  9    Int: 10    God:
Gold:   33         SH:  0    Dex: 13    Spells: 1/1 levels left

rFire    . . .     SeeInvis +     - Unarmed
rCold    . . .     Gourm    .   (no shield)
rNeg     . . .     Faith    .   i - +0 ring mail
rPois    +         Spirit   .   (no helmet)
rElec    .         Reflect  .   (no cloak)
rCorr    .         Harm     .   (no gloves)
MR       .....                  (no barding)
Stlth    ++........             (no amulet)
HPRegen  0.09/turn              (no ring)
MPRegen  0.08/turn              (no ring)

@: short of breath, very slow
A: large, see invisible, deformed body, poison resistance, slowness 2, slow
metabolism 1, spit poison 1, AC +0
a: Spit Poison


You were on level 2 of the Dungeon.
You were not hungry.

You visited 1 branch of the dungeon, and saw 2 of its levels.

You collected 33 gold pieces.

Inventory:

Armour
 a - a +0 robe
 i - a +0 ring mail (worn)
Scrolls
 d - 3 scrolls of identify {unknown}
 f - a scroll of enchant weapon {unknown}
 h - a scroll of enchant armour {unknown}
Potions
 c - a potion of ambrosia {unknown}
 e - a potion of degeneration {unknown}
 g - a potion of agility {unknown}
Comestibles
 b - 2 rations


   Skills:
 - Level 3.0 Fighting
 * Level 0.8 Armour
 + Level 2.7 Dodging
 - Level 3.0 Stealth
 + Level 3.4 Unarmed Combat


You had one spell level left.
You didn't know any spells.
Your spell library was empty.

Dungeon Overview and Level Annotations

Branches:
Dungeon (2/15)

Altars:


Innate Abilities, Weirdness & Mutations

You cannot wear boots.
Your serpentine skin is tough. (AC +0)
You have supernaturally acute eyesight. (SInv)
Armour fits poorly on your strangely shaped body.
Your system is resistant to poisons. (rPois)
You cover ground very slowly.
You have a slow metabolism.
You can spit poison.


Message History

The jackal bites you but does no damage.
Press: ? - help, Shift-Dir - straight line, f - jackal
Aim: a jackal The splash of poison hits the jackal!
The jackal is poisoned.
You kill the jackal!
You feel slightly more hungry.
The jackal bites you but does no damage.
You closely miss the jackal.
The jackal is almost dead.
The jackal barely misses you.
The kobold hits you with a +0 short sword.
The jackal bites you but does no damage.
You barely miss the kobold. The jackal bites you.
* * * LOW HITPOINT WARNING * * *
The kobold hits you with a +0 short sword.
* * * LOW HITPOINT WARNING * * *
You miss the kobold. The jackal bites you.
* * * LOW HITPOINT WARNING * * *
The kobold hits you with a +0 short sword.
You die...

..........#
#......^.# ♣
####........# .♣
.?..........##.##
................#
..(..........##.
...[........##
.....##.##..###
..... #.##..K@#
.... #.##<.#h#
.....##.##..#..#
.....##.#####
#....(.#
.........#
...#.#.#.#
..<...! .#
....... ..


You could see a jackal and a kobold.

Vanquished Creatures
  A leopard gecko (D:2)
  2 giant cockroaches (D:1)
  3 goblins
  2 hobgoblins (D:1)
  A jackal (D:2)
  3 kobolds (D:1)
  2 bats (D:1)
  3 frilled lizards (D:2)
  A rat (D:1)
18 creatures vanquished.

Notes
Turn   | Place    | Note
-------+----------+-------------------------------------------
     0 | D:1      | Meshia the Naga Monk began the quest for the Orb.
     0 | D:1      | Reached XP level 1. HP: 21/21 MP: 1/1
   254 | D:1      | Reached XP level 2. HP: 23/28 MP: 2/2
   666 | D:2      | Slain by a kobold

Levels and vault maps discovered:
D:1:      dpeg_arrival_pits, layout_basic, grunt_decor_mini_mirrors,
          minmay_crystal_water
D:2:      layout_rooms, lemuel_coloured_pillars_altar,
          nicolae_overflow_crystal_walls, serial_forest,
          infiniplex_forest_clump_medium, infiniplex_forest_straight_2,
          infiniplex_forest_clump_small, infiniplex_forest_lined_room_,
          infiniplex_forest_straight_4, infiniplex_forest_clump_diagonal,
          infiniplex_forest_clump_tiny, infiniplex_forest_straight_1

Action                   || total
-------------------------++-------
Melee: Unarmed           ||    58
       Punch             ||     1
 Abil: Spit Poison       ||     4
Armor: Robe              ||    11
       Ring mail         ||    17
Dodge: Dodged            ||    42
